 Dungeon Crawl Stone Soup version 0.18.1-2-ga659475 (webtiles) character file.

240 HungrySpirit the Poker (level 6, 0/47 HPs)
             Began as a Formicid Ice Elementalist on May 8, 2016.
             Slain by a goblin
             ... wielding a +0 club
              (4 damage)
             ... on level 2 of the Dungeon.
             The game lasted 00:06:42 (4118 turns).

HungrySpirit the Poker (Formicid Ice Elementalist)  Turns: 4118, Time: 00:06:43

Health: 0/47       AC:  6    Str: 14    XL:     6   Next: 29%
Magic:  9/9        EV: 11    Int: 22    God:
Gold:   111        SH:  0    Dex: 11    Spells: 1 memorised, 8 levels left

rFire  . . .     SeeInvis +     r - staff of air
rCold  . . .     Gourm    .     m - +0 ring mail
rNeg   . . .     Faith    .     (no shield)
rPois  .         Spirit   .     (helmet unavailable)
rElec  +         Dismiss  .     g - +0 cloak
rCorr  .         Reflect  .     (no gloves)
SustAt .         Harm     .     (no boots)
MR     .....                    (no amulet)
Stlth  +.........               o - +2 ring of intelligence
                                i - ring of wizardry

@: brilliant, not resistant to hostile enchantments, very unstealthy
A: permanent stasis, dig shafts and tunnels, four strong arms, antennae 3
a: Dig, Shaft Self


You were on level 2 of the Dungeon.
You were not hungry.

You visited 1 branch of the dungeon, and saw 3 of its levels.

You collected 111 gold pieces.

Inventory:

Hand Weapons
 h - a +0 spear
Armour
 g - a +0 cloak (worn)
 m - a +0 ring mail (worn)
Magical Staves
 r - an uncursed staff of air (weapon)
Jewellery
 i - a ring of wizardry (left hand)
 o - a +2 ring of intelligence (right hand)
Scrolls
 d - 3 scrolls of enchant armour {unknown}
 e - a scroll of random uselessness {unknown}
 f - 5 scrolls of identify {unknown}
 k - a scroll of enchant weapon {unknown}
 q - a scroll of fear {unknown}
Books
 b - a book of Frost

   Spells                             Type                      Level
   a - Freeze                         Ice                          1
   b - Throw Frost                    Conjuration/Ice              2
   c - Ozocubu's Armour               Charms/Ice                   3
   d - Throw Icicle                   Conjuration/Ice              4
   e - Summon Ice Beast               Ice/Summoning                4
Comestibles
 c - 3 bread rations
 j - a meat ration
 s - 3 chunks of flesh


   Skills:
 - Level 3.0 Fighting
 + Level 3.5(3.6) Polearms
 * Level 1.2(2.5) Staves
 + Level 2.9 Armour
 - Level 1.7 Dodging
 - Level 2.4 Stealth
 - Level 2.1 Spellcasting
   Level 0.8 Conjurations
 - Level 3.0 Ice Magic


You had 8 spell levels left.
You knew the following spells:

 Your Spells              Type           Power        Failure   Level  Hunger
a - Freeze                Ice            ####         1%          1    #......


Dungeon Overview and Level Annotations

Branches:
Dungeon (3/15)

Altars:
Cheibriados
Elyvilon
Fedhas

Annotations:
D:2 Ijyb
D:3 Sigmund


Innate Abilities, Weirdness & Mutations

You are under a permanent stasis effect.
You can dig through walls and to a lower floor.
Your four strong arms can wield two-handed weapons with a shield.
You have a pair of large antennae on your head (SInv).


Message History

* * * LOW HITPOINT WARNING * * *
Drink which item? (? for menu, Esc to quit)
It was a potion of brilliance.
You feel clever all of a sudden. The goblin barely misses you.
Drink which item? (? for menu, Esc to quit)
It was a potion of magic.
Magic courses through your body. Ijyb hits you with an enchanted club.
* * * LOW HITPOINT WARNING * * *
The goblin closely misses you.
Drink which item? (? for menu, Esc to quit)
It was a potion of haste.
Your stasis keeps you stable.
Ijyb hits you but does no damage. The goblin hits you but does no damage.
You barely miss Ijyb.
Ijyb is severely wounded.
Ijyb barely misses you. The goblin closely misses you.
You hit Ijyb but do no damage.
Ijyb is severely wounded.
Ijyb closely misses you. The goblin hits you with a club.
You die...

#...# #..## #...#
#...# #...# #..[#
#...# #.#.## #...#
#.#..#
####...#####+#..#
..............#.#
..............#g##
.....#.........g@#
.....#........####
.....##########
######


You could see Ijyb and a goblin.

Vanquished Creatures
  An orc priest (D:3)
  Natasha (thrice) (D:2)
  5 adders
  2 oozes (D:1)
  2 worms (D:2)
  5 dart slugs
  2 giant geckos
  3 orcs (D:3)
  2 ball pythons (D:1)
  5 giant cockroaches
  5 goblins
  4 hobgoblins
  6 jackals (D:1)
  2 quokkas (D:2)
  3 bats
  5 giant newts
  4 kobolds
  6 rats
65 creatures vanquished.

Notes
Turn   | Place    | Note
--------------------------------------------------------------
     0 | D:1      | HungrySpirit the Formicid Ice Elementalist began the quest for the Orb.
     0 | D:1      | Reached XP level 1. HP: 13/13 MP: 3/3
   414 | D:1      | Reached skill level 1 in Fighting
   414 | D:1      | Reached XP level 2. HP: 18/21 MP: 0/5
   618 | D:1      | Reached skill level 1 in Polearms
   776 | D:1      | Reached XP level 3. HP: 8/27 MP: 4/6
  1635 | D:2      | Noticed Natasha
  1955 | D:1      | Reached skill level 1 in Armour
  1955 | D:1      | Reached XP level 4. HP: 14/34 MP: 7/7
  2145 | D:2      | Killed Natasha
  2163 | D:2      | Reached XP level 5. HP: 7/39 MP: 1/8
  2214 | D:2      | Noticed Natasha
  2490 | D:2      | Killed Natasha
  2532 | D:2      | Noticed Natasha
  2652 | D:2      | Killed Natasha
  3272 | D:2      | Found a white marble altar of Elyvilon.
  3450 | D:2      | Reached XP level 6. HP: 34/47 MP: 9/9
  3623 | D:3      | Noticed Sigmund
  3801 | D:3      | Found a snail-covered altar of Cheibriados.
  3822 | D:3      | Found a blossoming altar of Fedhas.
  3939 | D:3      | Reached skill level 1 in Staves
  4078 | D:3      | Noticed Ijyb
  4118 | D:2      | Slain by a goblin

Skill      XL: |  1  2  3  4  5  6 |
---------------+-------------------+-----
Fighting       | 1 2 3 |  3.0
Polearms       | 1 2 3 |  3.5
Armour         | 1 2 |  2.9
Staves         | 1 |  1.2
Dodging        | |  1.7
Stealth        | |  2.4
Spellcasting   | |  2.1
Conjurations   | |  0.8
Ice Magic      | |  3.0

Action                   |  1- 3 |  4- 6 || total
-------------------------+-------+-------++-------
Melee: Unarmed           |    14 |       ||    14
       Spear             |   125 |   127 ||   252
       Club              |     4 |       ||     4
       Staff             |       |    70 ||    70
 Cast: Freeze            |    14 |    36 ||    50
 Abil: Dig               |       |     3 ||     3
  Use: Potion            |       |     5 ||     5
 Stab: Sleeping          |     2 |     1 ||     3
  Eat: Chunk             |     2 |     8 ||    10
       Beef jerky        |       |     1 ||     1
Armor: Robe              |    39 |    13 ||    52
       Ring mail         |       |    44 ||    44
Dodge: Dodged            |    93 |   103 ||   196
